 Dungeon Crawl Stone Soup version 0.28-a0-895-g6e5f11bd55 (webtiles) character file.

Game seed: 7165232080835603079

1652 frimble the Cutter (level 8, 0/67 (70) HPs)
             Began as a Troll Warper on Nov 23, 2021.
             Slain by a killer bee (7 damage)
             ... on level 5 of the Dungeon.
             The game lasted 00:08:53 (4858 turns).

frimble the Cutter (Troll Warper)                   Turns: 4858, Time: 00:08:54

HP:   0/67 (70)     AC:  6    Str: 20    XL:     8   Next: 68%
MP:   8/8           EV: 10    Int: 17    God:
Gold: 280           SH:  0    Dex:  9    Spells: 7/9 levels left

rFire   . . .      SeeInvis .   k - +0 short sword (vamp)
rCold   . . .      Faith    .   (no shield)
rNeg    . . .      Spirit   .   b - +0 robe
rPois   .          Reflect  .   (helmet restricted)
rElec   .          Harm     .   r - +1 cloak
rCorr   .          Rampage  .   (gloves unavailable)
Will    +....                   (boots unavailable)
Stlth   +.........              (no amulet)
HPRegen 1.21/turn               e - +6 ring of intelligence
MPRegen 0.11/turn               f - ring of willpower

@: lethally poisoned (0 -> -1), lightly drained
A: large, unfitting armour, claws 3, regeneration 1, shaggy fur 1, tough skin 1
a: no special abilities


You were on level 5 of the Dungeon.
You visited 1 branch of the dungeon, and saw 6 of its levels.

You collected 377 gold pieces.
You spent 97 gold pieces at shops.

Inventory:

Hand Weapons
 a - a +0 short sword
 k - a +0 vampiric short sword (weapon)
Missiles
 d - 5 boomerangs of dispersal
 n - 3 boomerangs (quivered)
Armour
 b - a +0 robe (worn)
 g - a +0 kite shield
 r - a +1 cloak (worn)
Jewellery
 e - a +6 ring of intelligence (left claw)
 f - a ring of willpower (right claw)
Wands
 l - a wand of polymorph (10)
Scrolls
 c - a scroll of blinking
 q - 2 scrolls of identify
Potions
 i - 2 potions of mutation
 j - a potion of flight


   Skills:
 - Level 1.5 Fighting
 + Level 6.9 Short Blades
 - Level 0.8 Throwing
 - Level 2.3 Dodging
 + Level 6.0 Shields
 - Level 1.2 Spellcasting
 - Level 2.1 Translocations


You had 7 spell levels left.
You knew the following spells:

 Your Spells              Type           Power      Damage    Failure   Level
a - Blink                 Tloc           16%        N/A       13%         2

Your spell library contained the following spells:

 Spells                   Type           Power      Damage    Failure   Level
 Summon Small Mammal      Summ           4%         N/A       22%         1
 Gell's Gravitas          Tloc           8%         N/A       26%         3
 Lesser Beckoning         Tloc           8%         N/A       26%         3
 Teleport Other           Tloc           8%         N/A       26%         3
 Corpse Rot               Necr/Air       2%         N/A       32%         2
 Poisonous Vapours        Pois/Air       2%         N/A       32%         2
 Call Canine Familiar     Summ           1%         N/A       54%         3
 Summon Guardian Golem    Hex/Summ       1%         N/A       54%         3
 Manifold Assault         Tloc           8%         N/A       93%         5


Dungeon Overview and Level Annotations

Branches:
Dungeon (6/15)
 Temple: D:4-7

Altars:
Hepliaklqana
Qazlal
Uskayaw
Vehumet
Wu Jian

Shops:
D:4 ?

Annotations:
D:4 3 runed translucent doors, exclusion: statue, ytrimaz's ghost, amateur DsFi


Innate Abilities, Weirdness & Mutations

You are too large for most types of armour.
You have claws for hands.
Your natural rate of healing is unusually fast.
You are covered in fur. (AC +1)
You have tough skin. (AC +1)


Message History

Your hound bites the killer bee but does no damage.
The killer bee stings your hound but does no damage.
Your orc priest completely misses the killer bee.
Your orc barely misses the killer bee.
The killer bee barely misses your hound.
Your hound barely misses the killer bee.
The killer bee stings your hound.
Your hound completely misses the killer bee.
Your orc priest misses the killer bee.
Your orc hits the killer bee with a +0 whip.
Your orc priest completely misses the killer bee.
The killer bee stings your hound.
Your hound dies!
Your hound's corpse dissolves into shadows!
You closely miss the killer bee.
The killer bee is severely wounded.
The killer bee closely misses you.
The killer bee stings you but does no damage.
You barely miss the killer bee.
The killer bee is severely wounded.
The killer bee stings you.
* * * LOW HITPOINT WARNING * * *
You are poisoned.
The killer bee poisons you!
You closely miss the killer bee.
The killer bee is severely wounded.
You feel sick.
The killer bee stings you but does no damage.
Your orc priest barely misses the killer bee.
The killer bee closely misses you.
You hit the killer bee but do no damage.
The killer bee is severely wounded.
You feel sick. The killer bee stings you.
* * * LOW HITPOINT WARNING * * *
Your orc priest looks braver for a moment.
Your orc priest hits the killer bee with a +0 hand axe.
You completely miss the killer bee.
The killer bee is severely wounded.
You feel sick. The killer bee stings you!
You die...

############# ####...........#
#.......######.# #)#####.# #.#
###.# #.## #.# ....# #..# #.#
.##.# #..# #@# ######
.##.#####..# #y# #########.....
.##........# #o# #.............
.#####.###.## #o# #.#######.....
.# ###.##...####†###.######......
.# #)...........oo...........)##.
.###.#.........>.####.#####.#.##.
#....####.............# #.#.##.
.##### #.####.#####.## #.#.##.


You could see a killer bee (ally target), 2 friendly orc priests and 2 friendly
orcs.

Vanquished Creatures
  Duvessa (D:4)
  2 water moccasins (D:5)
  A swamp drake (D:4)
  A sky beast (D:5)
  A black bear (D:5)
  A necrophage (D:4)
  A centaur (D:5)
  A kobold brigand (D:3)
  A gnoll sergeant (D:3)
  A scorpion (D:3)
  A water moccasin skeleton (D:4)
  A howler monkey (D:5)
  A bullfrog zombie (D:5)
  Crazy Yiuf (D:5)
  A bullfrog skeleton (D:5)
  4 hounds
  Jessica (D:3)
  3 iguanas (D:5)
  5 gnolls
  8 adders
  A white imp (D:3)
  3 ufetubi
  An adder skeleton (D:4)
  2 worms (D:2)
  5 dart slugs
  An orc (D:5)
  3 ball pythons
  8 endoplasms
  4 giant cockroaches
  4 goblins
  8 hobgoblins
  6 quokkas
  6 bats
  5 frilled lizards
  5 kobolds
  9 rats
108 creatures vanquished.

Vanquished Creatures (collateral kills)
  A killer bee (D:5)
  2 gnolls (D:4)
3 creatures vanquished.

Vanquished Creatures (others)
  3 fungi (D:5)
3 creatures vanquished.

Grand Total: 114 creatures vanquished

Notes
Turn   | Place    | Note
-------+----------+-------------------------------------------
     0 | D:1      | frimble the Troll Warper began the quest for the Orb.
     0 | D:1      | Reached XP level 1. HP: 19/19 MP: 1/1
   157 | D:1      | Reached XP level 2. HP: 19/27 MP: 2/2
   893 | D:1      | Reached XP level 3. HP: 33/33 MP: 3/3
   992 | D:1      | Learned a level 2 spell: Blink
  1852 | D:3      | Reached skill level 1 in Shields
  1852 | D:3      | Reached XP level 4. HP: 31/41 MP: 4/4
  2012 | D:3      | Noticed Jessica
  2018 | D:3      | Killed Jessica
  2058 | D:3      | Noticed a kobold brigand
  2084 | D:3      | Killed a kobold brigand
  2085 | D:3      | Reached XP level 5. HP: 32/48 MP: 5/5
  2106 | D:3      | Found a faded altar of an unknown god.
  2107 | D:3      | Found a hazy altar of Hepliaklqana.
  2242 | D:3      | Found a faded altar of an unknown god.
  2293 | D:3      | Found a hide-covered altar of Uskayaw.
  2293 | D:3      | Found a stormy altar of Qazlal.
  2293 | D:3      | Found an ornate altar of the Wu Jian Council.
  2381 | D:4      | Noticed a necrophage
  2408 | D:4      | Killed a necrophage
  2409 | D:4      | Reached XP level 6. HP: 42/55 MP: 6/6
  2425 | D:4      | Found a runed translucent gate.
  2464 | D:4      | Found a runed translucent gate.
  2465 | D:4      | Found a runed translucent gate.
  2519 | D:3      | HP: 1/55 [gnoll sergeant (5)]
  2696 | D:4      | Noticed Dowan
  2697 | D:4      | Noticed Duvessa
  2755 | D:4      | Killed Duvessa
  2756 | D:4      | Reached skill level 5 in Short Blades
  2756 | D:4      | Reached XP level 7. HP: 35/62 MP: 7/7
  2757 | D:4      | Noticed Dowan
  2757 | D:4      | Dowan changed into Dowan the swamp drake
  2792 | D:4      | Killed Dowan the swamp drake
  2860 | D:4      | Found a radiant altar of Vehumet.
  2877 | D:4      | Found Fessaecs's Magic Scroll Shop.
  2888 | D:4      | Bought a scroll of blinking for 97 gold pieces
  3232 | D:4      | Noticed ytrimaz's ghost (amateur DsFi)
  3520 | D:5      | Entered Level 5 of the Dungeon
  3827 | D:5      | Reached XP level 8. HP: 70/70 MP: 8/8
  3865 | D:5      | Reached skill level 5 in Shields
  4665 | D:5      | Found a runed translucent door.
  4666 | D:5      | Noticed Crazy Yiuf
  4721 | D:5      | HP: 1/66 [Crazy Yiuf (3)]
  4743 | D:5      | Killed Crazy Yiuf
  4858 | D:5      | Slain by a killer bee

Illustrated notes

Levels and vault maps discovered:
D:1:      nagdon_arrival_zigzag_paths, layout_loops_corners
D:2:      layout_basic
D:3:      layout_rooms, beargit_hepliaklqana_dungeon_heroes,
          gammafunk_temple_overflow_claw,
          hellmonk_ecumenical_altar_inner_sanctum, uniq_jessica
D:4:      layout_rooms, vehumet_statue, gammafunk_ghost_icy, serial_shops,
          shop_coins, uniq_duvessa
D:5:      layout_loops_ring, chequers_avenue, minmay_quadrilaterals,
          uniq_crazy_yiuf_cottage
D:6:      layout_cave_pools, trog_butcher_becter, gammafunk_ghost_grave,
          kb_lookout_dungeons_type

Skill      XL: |  1  2  3  4  5  6  7  8 |
---------------+-------------------------+-----
Short Blades   | 2 3 4 5 6 |  6.9
Shields        | 1 2 3 4 6 |  6.0
Dodging        | 2 |  2.3
Fighting       | |  1.5
Throwing       | |  0.8
Spellcasting   | |  1.2
Translocations | |  2.1

Action                   |  1- 3 |  4- 6 |  7- 9 || total
-------------------------+-------+-------+-------++-------
Melee: Short sword       |   219 |   153 |   473 ||   845
Throw: Boomerang         |       |       |     1 ||     1
 Cast: Blink             |       |     1 |     2 ||     3
Evoke: Wand              |       |       |     4 ||     4
  Use: Scroll            |     3 |     2 |     7 ||    12
       Potion            |       |       |     7 ||     7
 Stab: Sleeping          |       |     1 |       ||     1
       Distracted        |       |       |     1 ||     1
Armor: Robe              |    69 |    40 |   172 ||   281
       Skin              |       |       |    87 ||    87
Dodge: Dodged            |    90 |    63 |   255 ||   408

Table legend: (Time is in decaauts)
 A = Elapsed time spent in this place.
 B = Non-inter-level travel time spent in this place.
 C = Inter-level travel time spent in this place.
 D = Time resting spent in this place.
 E = Time spent auto-exploring this place.
 F = Levels seen in this place.
 G = Mean time per level.
                   A        B        C        D        E       F      G
               +--------+--------+--------+--------+--------+-----+--------+
         Total |   4748 |   4578 |    170 |     26 |   3161 |   6 |  791.3 |
       Dungeon |   4748 |   4578 |    170 |     26 |   3161 |   6 |  791.3 |
               +--------+--------+--------+--------+--------+-----+--------+

Top non-repeatable levels by time:
     D:5: 1260 daAuts
     D:1: 1037 daAuts
     D:4: 922 daAuts
     D:3: 767 daAuts
     D:2: 756 daAuts
     D:6: 4 daAuts
